 Dungeon Crawl Stone Soup version 0.29-a0-284-gf9362112df (webtiles) character file.

Game seed: 4386288462469264573

1866 yunder69 the Cleaver (level 9, 0/61 (64) HPs)
             Began as a Human Berserker on Mar 21, 2022.
             Was a Priest of Trog.
             Slain by a necrophage (2 damage)
             ... on level 6 of the Dungeon.
             The game lasted 00:28:31 (8836 turns).

yunder69 the Cleaver (Human Berserker)              Turns: 8836, Time: 00:28:31

HP:   0/61 (64)     AC: 13    Str: 21    XL:     9   Next: 35%
MP:   9/9           EV:  8    Int:  8    God:    Trog [***...]
Gold: 215           SH:  0    Dex: 13    Spells: 8/8 levels left

rFire   x . .      SeeInvis .   a - +1 hand axe
rCold   + . .      Faith    +   (no shield)
rNeg    . . .      Spirit   .   p - +0 chain mail
rPois   .          Reflect  .   o - +1 helmet
rElec   .          Harm     .   (no cloak)
rCorr   .          Rampage  .   k - +0 pair of gloves
Will    ++...                   t - +1 pair of boots
Stlth   ..........              q - amulet of faith
HPRegen 1.20/turn               n - ring of ice
MPRegen 0.11/turn               (no ring)

@: strong-willed, on berserk cooldown, regenerating, hasted and slowed, lightly
drained
A: no striking features
a: Renounce Religion, Berserk, Trog's Hand


You were on level 6 of the Dungeon.
You worshipped Trog.
Trog was most pleased with you.
You visited 1 branch of the dungeon, and saw 6 of its levels.

You collected 259 gold pieces.
You spent 44 gold pieces at shops.

Inventory:

Hand Weapons
 a - a +1 hand axe (weapon)
 e - a +0 arbalest
 r - a +0 shortbow
 w - a +0 hunting sling
 x - a +0 falchion
 y - a +0 giant spiked club
Missiles
 f - 234 stones
 h - 19 poisoned darts
Armour
 k - a +0 pair of gloves (worn)
 o - a +1 helmet (worn)
 p - a +0 chain mail (worn)
 t - a +1 pair of boots (worn)
 C - a +0 chain mail
Jewellery
 n - a ring of ice (left hand)
 q - an amulet of faith (around neck)
Scrolls
 b - 3 scrolls of magic mapping
 c - a scroll of enchant armour
 i - 3 scrolls of identify
 u - a scroll of fear {unknown}
 F - a scroll of brand weapon {unknown}
Potions
 d - a potion of degeneration {unknown}
 g - a potion of mutation
 j - 2 potions of magic {unknown}
 l - a potion of might
 m - a potion of flight {unknown}
 s - a potion of curing {unknown}


   Skills:
 - Level 3.3 Fighting
 + Level 11.7 Axes
 - Level 2.0 Armour
 - Level 2.2 Dodging
 - Level 0.4 Stealth


You had 8 spell levels left.
You didn't know any spells.
Your spell library contained the following spells:

 Spells                   Type           Power      Damage    Failure   Level
 Passwall                 Tmut/Erth      0%         N/A       100%        2
 Dazzling Flash           Conj/Hex       0%         N/A       100%        3
 Gell's Gravitas          Tloc           0%         N/A       100%        3
 Lesser Beckoning         Tloc           0%         N/A       100%        3
 Ozocubu's Armour         Ice            0%         N/A       100%        3
 Teleport Other           Tloc           0%         N/A       100%        3
 Iskenderun's Mystic Bla  Conj/Tloc      0%         2d3       100%        4
 Passage of Golubria      Tloc           0%         N/A       100%        4
 Borgnjor's Vile Clutch   Necr/Erth      0%         N/A       100%        5
 Summon Forest            Summ/Tloc      0%         N/A       100%        5
 Starburst                Conj/Fire      0%         6d3       100%        6
 Ozocubu's Refrigeration  Ice            0%         4d5       100%        7


Dungeon Overview and Level Annotations

Branches:
Dungeon (6/15)
 Temple: D:4-7

Altars:

Shops:
D:2 *   D:3 *


Message History

Unknown command.
Okay, then.
You feel a strong urge to attack something.
There is an open door here.
You feel your anger nearly subside.
You are no longer berserk.
You are exhausted.
You feel yourself slow down.
Your skin crawls.
You feel strong-willed.
The necrophage hits you but does no damage.
The orc warrior hits you from afar with a +1 halberd of protection!
The necrophage hits you but does no damage.
You are too injured to fight recklessly!
You are too injured to fight recklessly!
You are too injured to fight recklessly!
You are too injured to fight recklessly!
You hit the necrophage but do no damage.
The necrophage is heavily damaged.
The necrophage hits you.
The orc warrior hits you from afar with a +1 halberd of protection!
You closely miss the necrophage.
The necrophage is heavily damaged.
The necrophage hits you.
You feel drained.
The orc warrior hits you from afar with a +1 halberd of protection!
* * * LOW HITPOINT WARNING * * *
You barely miss the necrophage.
The necrophage is heavily damaged.
The necrophage hits you but does no damage.
The orc warrior hits you but does no damage.
The orc warrior hits you from afar with a +1 halberd of protection!
* * * LOW HITPOINT WARNING * * *
The necrophage hits you but does no damage.
The necrophage attacks as you move away!
The necrophage hits you but does no damage.
You feel yourself speed up.
The necrophage hits you but does no damage.
The orc warrior hits you from afar with a +1 halberd of protection.
* * * LOW HITPOINT WARNING * * *
The orc warrior barely misses you. The necrophage hits you.
You die...

#. #.# #.###.......#
#.##.#####.#####.#.........#
#.#...##.........#.#.#######
#.#........#######.#.#
#........#...........#
#....................#
#..........#######.#.#
#####..........#######.#.#
....)..†........@noY.....#
.####..###....#######'####
.......# ##...# ♣♣♣.♣♣♣
.####.## ##.## ♣..!o.♣
#####.######## ♣.(.....♣
...........# ♣...Y#....♣
.####.####.# ♣..... .....♣
## #.# #.# ♣...$. .....♣ #
#.# #.# ♣..#.. (.#..♣


You could see an orc warrior, an ice beast and a necrophage.

Vanquished Creatures
  5 yaks (D:6)
  A black bear (D:5)
  An ice beast (D:4)
  A centaur (D:5)
  An ogre (D:6)
  A phantom (D:5)
  3 scorpions (D:5)
  A jelly (D:4)
  3 orc priests
  3 iguanas
  8 orc wizards
  3 adders
  A white imp (D:5)
  A worm (D:4)
  2 dart slugs
  25 orcs
  7 bats
  13 endoplasms
  5 giant cockroaches
  11 goblins
  6 hobgoblins
  4 jackals (D:1)
  11 kobolds
  2 quokkas
  7 ball pythons
  4 frilled lizards
  7 rats
137 creatures vanquished.

Vanquished Creatures (others)
  2 fungi (D:3)
  A plant (D:3)
3 creatures vanquished.

Grand Total: 140 creatures vanquished

Notes
Turn   | Place    | Note
-------+----------+-------------------------------------------
     0 | D:1      | yunder69 the Human Berserker began the quest for the Orb.
     0 | D:1      | Reached XP level 1. HP: 18/18 MP: 1/1
   169 | D:1      | Reached XP level 2. HP: 18/24 MP: 2/2
   557 | D:1      | Reached XP level 3. HP: 4/29 MP: 3/3
  1022 | D:1      | Reached ** piety under Trog
  1331 | D:1      | Reached skill level 4 in Axes
  1716 | D:2      | Reached XP level 4. HP: 33/35 MP: 4/4
  1731 | D:2      | Found Neall's General Store.
  1766 | D:2      | Bought a scroll of identify for 22 gold pieces
  1766 | D:2      | Bought a scroll of identify for 22 gold pieces
  3169 | D:3      | Found a faded altar of an unknown god.
  3202 | D:3      | Reached XP level 5. HP: 26/41 MP: 5/5
  3204 | D:3      | Reached skill level 5 in Axes
  3508 | D:3      | Paralysed by a goblin for 6 turns
  3861 | D:3      | Found Onguv's Assorted Antiques.
  4615 | D:3      | Got the Disquisition on Earthen Translocation
  4902 | D:4      | Reached XP level 6. HP: 47/47 MP: 6/6
  4913 | D:4      | Reached skill level 6 in Axes
  6407 | D:4      | Noticed an ice beast
  6416 | D:4      | Killed an ice beast
  6416 | D:4      | Reached *** piety under Trog
  6417 | D:4      | Reached skill level 7 in Axes
  6417 | D:4      | Reached XP level 7. HP: 52/52 MP: 7/7
  6452 | D:5      | Entered Level 5 of the Dungeon
  7052 | D:5      | Reached skill level 8 in Axes
  7056 | D:5      | Reached XP level 8. HP: 46/58 MP: 8/8
  7443 | D:5      | Reached skill level 9 in Axes
  8314 | D:6      | Noticed a yak
  8314 | D:6      | Noticed a yak
  8314 | D:6      | Noticed a yak
  8314 | D:6      | Noticed a yak
  8316 | D:6      | Noticed a yak
  8326 | D:6      | Killed a yak
  8334 | D:6      | Killed a yak
  8335 | D:6      | Reached skill level 10 in Axes
  8337 | D:6      | Killed a yak
  8338 | D:6      | Reached XP level 9. HP: 64/64 MP: 9/9
  8345 | D:6      | Reached skill level 11 in Axes
  8834 | D:6      | HP: 3/61 [orc warrior/+1 halberd of protection (8)]
  8836 | D:6      | Slain by a necrophage

Illustrated notes

Levels and vault maps discovered:
D:1:      minmay_arrival_jagged, layout_basic, st_stairs_11
D:2:      layout_loops_ring, serial_shops, nicolae_shop_waterfront
D:3:      layout_basic, serial_shops, nicolae_lakefront_shop,
          shapermc_ecumenical_altar_mp_urbaneastern, minmay_misc_feat_five,
          fountainhead
D:4:      layout_rooms
D:5:      layout_basic
D:6:      layout_loops_ring, kennysheep_generic_room_2

Skill      XL: |  1  2  3  4  5  6  7  8  9 |
---------------+----------------------------+-----
Axes           | 4 5 7 8 10 11 | 11.7
Fighting       | |  3.3
Armour         | |  2.0
Dodging        | |  2.2
Stealth        | |  0.4

Action                   |  1- 3 |  4- 6 |  7- 9 || total
-------------------------+-------+-------+-------++-------
Melee: Hand axe          |   119 |   180 |   165 ||   464
       Punch             |     1 |     3 |     5 ||     9
Throw: Stone             |       |     6 |       ||     6
Invok: Berserk           |     1 |     4 |     6 ||    11
       Trog's Hand       |       |     1 |     1 ||     2
Evoke: Wand              |       |     5 |       ||     5
  Use: Scroll            |     1 |     8 |     1 ||    10
       Potion            |       |     2 |     1 ||     3
 Stab: Sleeping          |     1 |       |       ||     1
Armor: Animal skin       |     9 |       |       ||     9
       Ring mail         |    24 |    37 |       ||    61
       Chain mail        |       |    74 |    78 ||   152
Dodge: Dodged            |    72 |    67 |    59 ||   198

Table legend: (Time is in decaauts)
 A = Elapsed time spent in this place.
 B = Non-inter-level travel time spent in this place.
 C = Inter-level travel time spent in this place.
 D = Time resting spent in this place.
 E = Time spent auto-exploring this place.
 F = Levels seen in this place.
 G = Mean time per level.
                   A        B        C        D        E       F      G
               +--------+--------+--------+--------+--------+-----+--------+
         Total |   8919 |   7447 |   1472 |   2413 |   3786 |   6 | 1486.5 |
       Dungeon |   8919 |   7447 |   1472 |   2413 |   3786 |   6 | 1486.5 |
               +--------+--------+--------+--------+--------+-----+--------+

Top non-repeatable levels by time:
     D:5: 1882 daAuts
     D:3: 1733 daAuts
     D:1: 1701 daAuts
     D:4: 1680 daAuts
     D:2: 1398 daAuts
     D:6: 522 daAuts
